[Event "*** SCC Grand Prix: Titled Tuesday Blitz"]
[Site "Chess.com"]
[Date "2020.07.07"]
[Round "9"]
[White "druskacik"]
[Black "MathiasWomacka"]
[Result "1/2-1/2"]
[WhiteElo "2579"]
[BlackElo "2450"]
[TimeControl "180+1"]
[EndTime "11:47:47 PDT"]
[Termination "Game drawn by repetition"]

1. e4 c5 2. Nf3 d6 3. d4 cxd4 4. Qxd4 Nc6 5. Bb5 Bd7 6. Qd3 Nf6 7. c4 g6 8. Nc3 Bg7 9. O-O O-O 10. h3 a6 11. Bxc6 Bxc6 12. Nd4 Qc7 13. Be3 Rfc8 14.
Rac1 Be8 15. b3 Qa5 16. Bd2 Qc5 17. Be3 Qa5 18. Rc2 b5 19. cxb5 axb5 20. Rfc1 b4 21. Nce2 Rxc2 22. Rxc2 Qa6 23. Qxa6 Rxa6 24. f3 e5 25. Rc8 exd4 26. Nxd4 Kf8 27. Nc2 Rxa2 28. Nxb4 Rb2 29. Bf4 Ke7 30. e5 dxe5 31. Bxe5 Rxb3 32. Bxf6+ Bxf6 33. Nd5+ Kd7 34. Nxf6+ Kxc8 35. Nxe8 Kd8 36. Nf6 h5 37. Kf2 Ke7 38. Ne4 f5 39. Ng5 Kf6 40.
Nh7+ Ke5 41. Kg3 g5 42. Nxg5 f4+ 43. Kh2 Kf5 44. h4 Ra3 45. Ne4 Ra1 46. Nd6+ Ke6 47. Ne4 Kf5 48. Nf2 Ra2 49. Nd3 Rd2 50. Nc5 Rc2 51.
Ne4 Ra2 52. Nd6+ Ke6 53. Nb5 Kf5 54. Nc3 Rc2 55. Ne4 Ra2 56. Kg1 Ra1+ 57. Kf2 Ra2+ 58. Kf1 Ra1+ 59. Kf2 Ra2+ 60. Kg1 Ra1+ 61. Kh2 Ra2 1/2-1/2

[Event "*** SCC Grand Prix: Titled Tuesday Blitz"]
[Site "Chess.com"]
[Date "2020.07.07"]
[Round "9"]
[White "pastouche06"]
[Black "bascheyaro"]
[Result "1-0"]
[WhiteElo "2534"]
[BlackElo "2686"]
[TimeControl "180+1"]
[EndTime "11:47:48 PDT"]
[Termination "pastouche06 won by checkmate"]

1. d4 Nf6 2. c4 e6 3. Nc3 d5 4.
cxd5 exd5 5. Bg5 c6 6. e3 Be7 7. Qc2 O-O 8. Bd3 Nbd7 9. Nge2 Re8 10. O-O Nf8 11. f3 g6 12. Rad1 Ne6 13. Bh4 Ng7 14. Bf2 a6 15. Kh1 Be6 16. Bg1 Qd7 17. e4 dxe4 18. fxe4 Bg4 19. e5 Nd5 20. Nxd5 cxd5 21. Qd2 Ne6 22. h3 Bg5 23. Be3 Bxe3 24. Qxe3 Bxe2 25. Bxe2 Rac8 26. Bd3 Qe7 27. a3 Rc7 28. Rf6 Nc5 29. Rdf1 Nxd3 30. Qxd3 Rd7 31. R1f4 Qd8 32. Qf3 Ree7 33. Qg4 Rc7 34. Qg5 Qe8 35. h4 Qa4 36. Kh2 Qe8 37. h5 Rc6 38. hxg6 hxg6 39. Rh4 Qf8 40.
Rxc6 Re6 41. Rxe6 fxe6 42. Qxg6+ Qg7 43. Qxe6+ Kf8 44. Rf4+ Qf6 45. Qxf6+ Ke8 46. Qf7+ Kd8 47. e6 b5 48. Qd7# 1-0

[Event "*** SCC Grand Prix: Titled Tuesday Blitz"]
[Site "Chess.com"]
[Date "2020.07.07"]
[Round "9"]
[White "Chesswizard_2007"]
[Black "NikolaGry"]
[Result "0-1"]
[WhiteElo "2465"]
[BlackElo "2622"]
[TimeControl "180+1"]
[EndTime "11:47:51 PDT"]
[Termination "NikolaGry won by checkmate"]

1. d4 d5 2. c4 Nc6 3. Nf3 Bg4 4.
cxd5 Bxf3 5. gxf3 Qxd5 6. e3 e5 7. Nc3 Bb4 8. Bd2 Bxc3 9. bxc3 Qd6 10. Rb1 b6 11. Bb5 Ne7 12. f4 exf4 13. e4 O-O 14.
Qg4 Rad8 15. Qxf4 Qe6 16. O-O Na5 17. Kh1 f5 18. Rbe1 fxe4 19. Qxe4 Qxe4+ 20. Rxe4 Nd5 21. Re5 c6 22. Bd3 b5 23. f4 Nc4 24. Bxc4 bxc4 25. f5 Rb8 26. Rg1 Kf7 27. Re6 Rfc8 28. Re2 Rb2 29.
Reg2 Rg8 30. Be1 Rxg2 31. Kxg2 Rb8 32. Kf3 Rb2 33. Ke4 Rxa2 34. Ke5 Rxh2 35. Kd6 Rc2 36.
Kxc6 Nxc3 37. Bxc3 Rxc3 38. d5 Rd3 39. Ra1 Kf6 40. Rxa7 c3 41. Ra1 Kxf5 42. d6 g5 43. d7 h5 44. Kc7 h4 45. Rf1+ Kg4 46. Re1 Rxd7+ 47. Kxd7 Kf3 48. Kc6 g4 49. Kd5 g3 50.
Kc4 h3 51. Kxc3 h2 52. Kd3 g2 53. Re3+ Kf4 54. Re4+ Kf5 55. Re1 g1=Q 56. Re2 h1=Q 57. Kd2 Qd5+ 58. Kc2 Qgd1+ 59. Kc3 Qxe2 60. Kb4 Qec4+ 61.
Ka3 Qb3# 0-1

[Event "*** SCC Grand Prix: Titled Tuesday Blitz"]
[Site "Chess.com"]
[Date "2020.07.07"]
[Round "9"]
[White "Julianos82"]
[Black "kleopl"]
[Result "1-0"]
[WhiteElo "2269"]
[BlackElo "2383"]
[TimeControl "180+1"]
[EndTime "11:47:54 PDT"]
[Termination "Julianos82 won by resignation"]

1. d4 Nf6 2. Nf3 g6 3. c4 Bg7 4.
Nc3 d5 5. cxd5 Nxd5 6. Na4 Nb6 7. Nc5 N6d7 8. Nb3 O-O 9. Bg5 Re8 10. e3 b6 11. Bd3 Ba6 12. Rc1 c5 13. O-O Bxd3 14.
Qxd3 cxd4 15. Nfxd4 a5 16. a4 Ra7 17. Rfd1 Rc7 18. Rxc7 Qxc7 19. Nb5 Qc6 20. N3d4 Qd5 21. Bh4 Ne5 22. Qc2 Qc4 23. Qxc4 Nxc4 24. b3 Ne5 25. Rc1 Na6 26. Nc6 Nxc6 27. Rxc6 Nc5 28. Rxb6 Nxb3 29. Nc7 Rc8 30. Rxb3 Rxc7 31. h3 f6 32. Bg3 Rc4 33. Ra3 e5 34. f3 Bf8 35.
Ra2 Bc5 36. Bf2 Rc1+ 37. Kh2 f5 38. g4 f4 39. exf4 Bxf2 40. Rxf2 exf4 41. Ra2 Rc4 42. Kg2 g5 43. Kf2 Kf7 44. Ke2 Rc3 45. Rb2 Ra3 46. Rb7+ Kf6 47. Rb6+ Kf7 48. Rb7+ Ke6 49. Rxh7 Rxa4 50.
Rh5 Ke5 51. Rxg5+ Kd4 52. Rg8 Ra2+ 53. Kd1 Ke3 54. g5 Kxf3 55. g6 Rg2 56. g7 a4 57.
h4 Kf2 58. Kc1 f3 59. h5 Rg1+ 60. Kb2 Kf1 61. h6 f2 62. Rf8 Rg6 63. g8=Q Rxg8 64. Rxg8 Ke1 65. Re8+ Kd1 66. Rf8 Ke1 67. h7 f1=Q 68.
Rxf1+ Kxf1 69. h8=Q 1-0

[Event "*** SCC Grand Prix: Titled Tuesday Blitz"]
[Site "Chess.com"]
[Date "2020.07.07"]
[Round "9"]
[White "Blagorod"]
[Black "MisiekZielony"]
[Result "1-0"]
[WhiteElo "2103"]
[BlackElo "2182"]
[TimeControl "180+1"]
[EndTime "11:47:54 PDT"]
[Termination "Blagorod won on time"]

1. e4 Nf6 2. e5 Nd5 3. Nc3 e6 4. d4 d6 5. Nxd5 exd5 6. Nf3 Nc6 7. Bb5 a6 8. Ba4 Be7 9. O-O O-O 10. Bf4 Be6 11. Re1 b5 12. Bb3 Na5 13. Qd2 Nc4 14.
Bxc4 bxc4 15. exd6 Bxd6 16. Bxd6 Qxd6 17. Ne5 Rfe8 18.
Re3 f6 19. Nf3 Bg4 20. Rae1 Rxe3 21. Qxe3 Bd7 22. Qe7 Qxe7 23. Rxe7 Rd8 24. Kf1 Kf8 25. Re3 Bf5 26. Ne1 Rb8 27. b3 cxb3 28. axb3 a5 29.
Rc3 Rb7 30. Rc5 Be6 31. Rxa5 Ke7 32. Ke2 c6 33. Nd3 Bf5 34. Nc5 Rc7 35. c3 Kd6 36.
Ra8 Re7+ 37. Kd2 Bg4 38. f3 Bf5 39. Rd8+ Kc7 40. Ra8 Kb6 41. Ra6+ Kb5 42. Ra8 Kb6 43. Rb8+ Ka7 44. Rb4 Bc8 45. g4 h5 46. Ra4+ Kb6 47.
Rb4+ Kc7 48. Nd3 Re8 49. h3 hxg4 50. hxg4 f5 51. gxf5 Bxf5 52. Ne5 Kd6 53. Rb6 Bd7 54. Nxd7 Kxd7 55. Rb7+ Kd6 56. Rxg7 Ra8 57. Rg6+ Kd7 58. Kd3 Ra2 59. Rg3 Rf2 60. c4 Kd6 61. c5+ Kd7 62. Ke3 Rb2 63. Kf4 Rxb3 64. Ke5 1-0

[Event "*** SCC Grand Prix: Titled Tuesday Blitz"]
[Site "Chess.com"]
[Date "2020.07.07"]
[Round "9"]
[White "Budisavljevic"]
[Black "Mikhail_Golubev"]
[Result "1/2-1/2"]
[WhiteElo "2415"]
[BlackElo "2592"]
[TimeControl "180+1"]
[EndTime "11:47:55 PDT"]
[Termination "Game drawn - insufficient material"]

1. d4 Nf6 2. Nf3 d6 3. c4 g6 4. Nc3 Bg7 5. e4 O-O 6. Be2 e5 7. dxe5 dxe5 8. Qxd8 Rxd8 9. Bg5 c6 10. Nxe5 Re8 11.
O-O-O Na6 12. f4 h6 13. Bh4 g5 14. fxg5 hxg5 15. Bg3 Nc5 16. Nf3 Nfxe4 17. Nxe4 Nxe4 18.
Bd3 Nxg3 19. hxg3 Bg4 20. Rdf1 Bxf3 21. Rxf3 Rad8 22. Bh7+ Kf8 23. Bg6 Re7 24. Rhf1 Rdd7 25. Bf5 Rd4 26. Bd3 Kg8 27. Kc2 Rd6 28. Rd1 Red7 29.
Be2 Rxd1 30. Bxd1 Bxb2 31. Rf5 f6 32. Bg4 Rd4 33. Be2 Rd6 34. c5 Rd4 35. Rxf6 Kg7 36. Rf5 Ba1 37. Rxg5+ Kf6 38. Rg8 Rd5 39. Rf8+ Ke5 40.
Rf1 Rxc5+ 41. Kb3 Bd4 42. g4 Rc3+ 43. Kb4 a5+ 44. Kxa5 Bc5 45. Rf5+ Kd6 46. Rf6+ Ke7 47. Rf3 Rc2 48. Ka4 Rxe2 49. Kb3 Re3+ 50. Kc4 Rxf3 51. gxf3 Be3 52. Kd3 Bc1 53. Ke4 Kf6 54. f4 Bd2 55.
g5+ Kg6 56. Ke5 c5 57. a4 c4 58. Kd4 c3 59. Kd3 Kf5 60. Kc2 Bxf4 61. Kxc3 Bxg5 62. a5 Ke6 63. Kb4 Kd7 64. a6 bxa6 65. Ka5 Bd2+ 66. Kxa6 1/2-1/2

[Event "*** SCC Grand Prix: Titled Tuesday Blitz"]
[Site "Chess.com"]
[Date "2020.07.07"]
[Round "9"]
[White "Bigfish1995"]
[Black "Gennady_Kozlov"]
[Result "1-0"]
[WhiteElo "3035"]
[BlackElo "2559"]
[TimeControl "180+1"]
[EndTime "11:47:57 PDT"]
[Termination "Bigfish1995 won on time"]

1. d4 e6 2. e4 d5 3. Bd3 Nf6 4. e5 Nfd7 5. f4 c5 6. c3 Nc6 7.
Nf3 Qb6 8. Bc2 cxd4 9. cxd4 Bb4+ 10. Nc3 f6 11. O-O O-O 12. Be3 fxe5 13. fxe5 Ncxe5 14. Nxe5 Rxf1+ 15. Qxf1 Nxe5 16. Re1 Bxc3 17. bxc3 Nc4 18.
Qd3 g6 19. Bh6 Bd7 20. Qf3 Qd8 21. Qf4 Qe7 22. Rf1 e5 23. dxe5 Nxe5 24. Bb3 Bc6 25. Kh1 Nf7 26. c4 Rd8 27. cxd5 Bxd5 28. Bxd5 Rxd5 29.
Qc4 Qc5 30. Qf4 Qe7 31. Qc4 Qd7 32. Be3 Rd1 33. Rxd1 Qxd1+ 34. Bg1 b6 35. Qc8+ Qd8 36.
Qb7 a5 37. Bxb6 Qd1+ 38. Bg1 Nd6 39. Qa8+ Kf7 40. Qxa5 Nf5 41. Qa7+ Kg8 42. Qb8+ Kg7 43. Qb2+ Kh6 44. Qf2 Qb1 45. a4 Qa1 46. Qf4+ Kg7 47. h3 h5 48. Kh2 h4 49. Bf2 Qf6 50. Qc7+ Kh6 51. a5 Nd6 52. Bxh4 Qxh4 53. Qxd6 Qa4 54. Qe5 g5 55. Qf6+ Kh5 56. a6 Qa5 57. Qf7+ Kh6 58. Qe6+ Kg7 59. Qe7+ Kg6 60. a7 Qa4 61. Qe6+ Kg7 62. Qe5+ Kg6 63. Qd6+ Kg7 64. Qc7+ Kg6 65. Qb6+ 1-0

[Event "*** SCC Grand Prix: Titled Tuesday Blitz"]
[Site "Chess.com"]
[Date "2020.07.07"]
[Round "9"]
[White "Irishchessman16"]
[Black "Varshi_chess"]
[Result "0-1"]
[WhiteElo "2398"]
[BlackElo "2285"]
[TimeControl "180+1"]
[EndTime "11:47:57 PDT"]
[Termination "Varshi_chess won on time"]

1. e4 c5 2. Nf3 d6 3. d4 cxd4 4. Nxd4 Nf6 5. Nc3 a6 6. h3 e6 7. g4 b5 8. Bg2 Bb7 9. g5 Nfd7 10. O-O Be7 11. h4 O-O 12. f4 Nc6 13. Nxc6 Bxc6 14. Ne2 Nc5 15. Ng3 Rc8 16. f5 exf5 17.
exf5 Bxg2 18. Kxg2 Re8 19. f6 gxf6 20. gxf6 Bxf6 21.
Qg4+ Kh8 22. Bg5 Bxg5 23. hxg5 Rg8 24. Rxf7 Qxg5 25. Qxg5 Rxg5 26. Rh1 Rg7 27. Rxg7 Kxg7 28. Nf5+ Kf6 29. Nxd6 Rg8+ 30. Kf3 Ke5 31. Nf7+ Ke6 32. Nh6 Rf8+ 33. Ke3 Nd7 34. Ng4 Rf7 35. Rh6+ Kd5 36.
Rxa6 h5 37. Rh6 hxg4 38. Rg6 Ne5 39. Rg5 Rf3+ 40. Ke2 Ke4 41. b3 Rh3 42. c4 bxc4 43.
bxc4 Kf4 44. Rg8 Nxc4 45. Rc8 Ne5 46. Rf8+ Ke4 47. Rg8 g3 48. Kf1 Kf4 49. Rf8+ Kg4 50. Rg8+ Kf3 51. Rf8+ Kg4 52. Rg8+ Kf4 53. Rf8+ Kg5 54.
Rg8+ Ng6 55. Kg2 Kh4 56. Rxg6 Rh2+ 57. Kf3 Rf2+ 58. Ke3 Rxa2 0-1

[Event "*** SCC Grand Prix: Titled Tuesday Blitz"]
[Site "Chess.com"]
[Date "2020.07.07"]
[Round "9"]
[White "SergeyKarjakin"]
[Black "NewBornNow"]
[Result "1-0"]
[WhiteElo "2962"]
[BlackElo "2691"]
[TimeControl "180+1"]
[EndTime "11:47:58 PDT"]
[Termination "SergeyKarjakin won on time"]

1. e4 d6 2. d4 Nf6 3. Nc3 e5 4. Nf3 Nbd7 5. Bc4 Be7 6. O-O O-O 7. a4 c6 8. Re1 a5 9. h3 exd4 10. Nxd4 Nc5 11. Bf4 Be6 12. Bf1 Qb6 13. b3 Rad8 14.
Bg3 d5 15. exd5 Nxd5 16. Nxe6 Nxe6 17. Nxd5 Rxd5 18. Qf3 Nd4 19. Qe4 Bf6 20. Rad1 g6 21. Bc4 Rdd8 22. Bf4 Kg7 23. Be3 c5 24. Bc1 Rd7 25.
c3 Re7 26. Qb1 Rxe1+ 27. Rxe1 Nf5 28. Qc2 Rd8 29. Bf4 h5 30. g3 Qc6 31. Bf1 b6 32. Bg2 Qd7 33. h4 Qd3 34. Be4 Qxc2 35. Bxc2 Bxc3 36.
Rb1 Nd4 37. Bd1 Rd7 38. Kf1 Bb4 39. Be3 Nf5 40. Bf4 f6 41. Bf3 Nd4 42. Be4 Re7 43.
Bd5 Nc2 44. Bc4 Nd4 45. Rd1 Nf5 46. Rd8 Re1+ 47. Kg2 Re7 48. Rg8+ Kh7 49. Rf8 Kg7 50.
Rg8+ Kh7 51. Rc8 Kg7 52. Rc6 Rb7 53. Rc7+ Rxc7 54. Bxc7 Kf8 55. Bxb6 Ke7 56. Kf3 Nd6 57. Bd3 f5 58. Bc7 Ke6 59. Kf4 Bd2+ 60. Kf3 Kd5 61. Ke2 Bb4 62. Bb8 Ke6 63. f3 Kd5 64. g4 1-0

[Event "*** SCC Grand Prix: Titled Tuesday Blitz"]
[Site "Chess.com"]
[Date "2020.07.07"]
[Round "9"]
[White "Munkhzul_Turmunkh"]
[Black "jaskol95"]
[Result "1-0"]
[WhiteElo "2600"]
[BlackElo "2401"]
[TimeControl "180+1"]
[EndTime "11:47:59 PDT"]
[Termination "Munkhzul_Turmunkh won by resignation"]

1. e4 e6 2. d4 d5 3. exd5 exd5 4. Nf3 Bd6 5. Bd3 Ne7 6. O-O h6 7. Re1 O-O 8. h3 c6 9. Nbd2 Nd7 10. Nf1 Nf6 11. Ne5 c5 12. c3 cxd4 13. cxd4 Nc6 14. Nxc6 bxc6 15. Bd2 Rb8 16. b3 Bd7 17. Qf3 Re8 18.
Ng3 Qb6 19. Be3 a5 20. Nf5 Bxf5 21. Qxf5 Qb4 22. Red1 a4 23. bxa4 Qxa4 24. Bc2 Qc4 25. Bb3 Qc3 26. Rac1 Qb4 27. Rxc6 Rbd8 28. Qd3 Bb8 29. Qc3 Qe7 30. Bc2 Ne4 31. Bxe4 Qxe4 32. Qd3 Qh4 33. Qf5 Re7 34. Rc8 Ree8 35. Rxd8 Qxd8 36.
Rb1 Qa5 37. Qc2 Bd6 38. Qd2 Qxd2 39. Bxd2 Re2 40. Rb2 Bf4 41. Bc3 Re4 42. a4 Re6 43. a5 Rc6 44. Rb3 Rc4 45. g3 Bd6 46. Kg2 Ra4 47. Rb6 Bc7 48. Rc6 Bxa5 49. Ra6 Bxc3 50. Rxa4 f6 51. Kf3 Kf7 52. Ke2 Ke6 53. Kd3 Be1 54.
Ra2 Kf5 55. Re2 Bb4 56. Re8 g6 57. f3 h5 58. Ke3 g5 59. g4+ hxg4 60. hxg4+ Kg6 61.
Rd8 Ba3 62. Rxd5 Kf7 63. Ra5 Bc1+ 64. Kd3 Ke6 65. Ke4 Bf4 66. Ra6+ Kf7 67. Kf5 Ke7 68. Ra7+ Kd6 69. Kxf6 Kd5 70. Rd7+ Kc4 71. d5 Kc5 72. d6 Kc6 73. Rd8 Kc5 74. Ke6 Kc6 75. d7 Kc7 76. Rc8+ Kb7 77. d8=Q 1-0

[Event "*** SCC Grand Prix: Titled Tuesday Blitz"]
[Site "Chess.com"]
[Date "2020.07.07"]
[Round "9"]
[White "blitzking1729"]
[Black "ichangedmyname_yup"]
[Result "1-0"]
[WhiteElo "2547"]
[BlackElo "2397"]
[TimeControl "180+1"]
[EndTime "11:47:59 PDT"]
[Termination "blitzking1729 won by resignation"]

1. Nf3 b6 2. g3 Bb7 3. Bg2 Nf6 4. O-O c5 5. c4 e6 6. Nc3 a6 7. b3 d6 8. Bb2 Be7 9. Rc1 O-O 10. d4 cxd4 11.
Qxd4 Nbd7 12. Rfd1 Qc7 13. Qd2 Rfe8 14. e3 Rad8 15. Qe2 Qb8 16. Nd4 Bxg2 17. Kxg2 Rc8 18. e4 Bf8 19. Kg1 Qb7 20. f3 g6 21. Nc2 Qb8 22.
Ne3 Bg7 23. Rd2 d5 24. cxd5 exd5 25. Ncxd5 Nxd5 26. Nxd5 Bxb2 27. Rxc8 Qxc8 28. Rxb2 Qc5+ 29. Kg2 b5 30. Rc2 Qd6 31. Qd2 Nf6 32. Qb4 Qd8 33.
Rd2 Nxd5 34. exd5 Re5 35. d6 Qd7 36. Qc3 Re8 37. g4 Rc8 38. Qf6 Rd8 39. h4 Re8 40. Qc3 h6 41. Qc7 Rd8 42. Qxd7 Rxd7 43. g5 hxg5 44.
hxg5 f6 45. gxf6 Kf7 46. Kg3 Kxf6 47. Kf4 a5 48. a3 g5+ 49. Kg4 Kg6 50. Rd5 b4 51.
axb4 axb4 52. Rxg5+ Kf6 53. Rd5 Ke6 54. Rd4 Ke5 55.
Re4+ Kf6 56. Rxb4 Rxd6 57. Kf4 Ke6 58. Ke4 Kf6 59. Rc4 Rb6 60. b4 Rb5 61. Kd4 Rb6 62.
Kc5 Rb8 63. b5 Ke5 64. b6 Ke6 65. Kb5 Kd7 66. f4 Kd8 67. f5 Kd7 68. Rd4+ Kc8 69. Kc6 Rb7 70. Rd8+ Kxd8 71. Kxb7 1-0

[Event "*** SCC Grand Prix: Titled Tuesday Blitz"]
[Site "Chess.com"]
[Date "2020.07.07"]
[Round "9"]
[White "K-Nygren"]
[Black "Ural_bogatyr"]
[Result "0-1"]
[WhiteElo "2452"]
[BlackElo "2371"]
[TimeControl "180+1"]
[EndTime "11:47:59 PDT"]
[Termination "Ural_bogatyr won by resignation"]

1. e4 e5 2. Nf3 Nc6 3. Bb5 Bc5 4. c3 Nf6 5. d4 Bb6 6. O-O O-O 7. Bg5 h6 8. Bh4 d6 9. d5 Nb8 10. Nbd2 a6 11. Bd3 Nbd7 12. b4 Re8 13. Re1 Nf8 14.
Nc4 Ba7 15. Bg3 g5 16. Ne3 Ng6 17. Nf5 Kh7 18. h4 g4 19. Ng5+ hxg5 20. hxg5 Nxe4 21. Qxg4 Qxg5 22. Qxe4 Bxf5 23. Qxf5 Qxg3 24. Qxf7+ Kh6 25.
Re4 Rf8 26. Rh4+ Nxh4 27. Qh7+ Kg5 28. Qg7+ Kh5 29. Qxg3 Bxf2+ 30. Qxf2 Rxf2 31. Kxf2 Rf8+ 32. Ke3 Nxg2+ 33. Kd2 Rf2+ 34. Be2+ Kh4 35. Rh1+ Kg3 36. Kd1 Ne3+ 37. Kd2 Nxd5 38. Ke1 Nf4 39. Bf1 Rxa2 40. Rg1+ Kf3 41. Rg7 Ra1+ 42. Kd2 Rxf1 43. Rxc7 Rf2+ 44. Kc1 Ke3 45. Kb1 Nd3 46. b5 Kd2 47. Ka1 axb5 48. Ka2 Rf1 49. Kb3 b4 50. cxb4 Rb1+ 51. Ka4 Rxb4+ 52.
Ka5 Rd4 53. Rxb7 e4 54. Rb1 e3 55. Rh1 e2 56. Kb5 e1=Q 57. Rh2+ Qe2 58. Rh3 Nf4+ 59. Kc6 Nxh3 0-1

[Event "*** SCC Grand Prix: Titled Tuesday Blitz"]
[Site "Chess.com"]
[Date "2020.07.07"]
[Round "9"]
[White "gui_borba"]
[Black "RaphCamora"]
[Result "1-0"]
[WhiteElo "2362"]
[BlackElo "2447"]
[TimeControl "180+1"]
[EndTime "11:48:03 PDT"]
[Termination "gui_borba won on time"]

1. d4 d5 2. Bf4 Nf6 3. e3 c5 4. c3 Nc6 5. Bd3 Qb6 6. Qc1 e6 7.
Nf3 Be7 8. Nbd2 O-O 9. O-O Bd7 10. h3 Rfc8 11. Qb1 h6 12. Ne5 Be8 13. a3 a5 14.
a4 c4 15. Bc2 Nxe5 16. Bxe5 Nd7 17. Bg3 f5 18. Nf3 Bd6 19. Bxd6 Qxd6 20. Qd1 Bh5 21. g4 fxg4 22. Nh2 e5 23. hxg4 Bf7 24. Qf3 e4 25. Qg2 Bg6 26. f4 exf3 27. Nxf3 Re8 28. Bxg6 Qxg6 29. Rae1 Re7 30. Nh4 Qg5 31. Nf5 Re4 32. Rf4 Rae8 33. Ref1 Nf6 34. Nd6 Rxe3 35. Nxe8 Rxe8 36. Rf5 Qe3+ 37. Kh2 Qd3 38. R1f3 Qe4 39.
Kh3 Re6 40. g5 Nh5 41. g6 Nf6 42. R3f4 Qe3+ 43. Qf3 Qxf3+ 44. Rxf3 Kf8 45. Kh4 Ke7 46. Kg3 Re4 47. Kf2 Rh4 48. Re3+ Kd6 49. Ke2 Ne4 50. Rf7 Rh2+ 51. Kf3 Rf2+ 52. Kg4 Rg2+ 53. Kh3 Rxg6 54.
Rxb7 Rg5 55. Rb6+ Kc7 56. Rb5 Kc6 57. Rxa5 Rf5 58. Kg2 Rf2+ 59. Kg1 Rxb2 60. Ra7 Rb3 61. Rxg7 Nxc3 62. Rg6+ Kb7 63. Rxh6 Nxa4 64. Re7+ Ka8 65.
Rh8+ Rb8 66. Rxb8+ Kxb8 67. Kf2 c3 68. Ke2 1-0

[Event "*** SCC Grand Prix: Titled Tuesday Blitz"]
[Site "Chess.com"]
[Date "2020.07.07"]
[Round "9"]
[White "jacky72"]
[Black "AttilaTurzo"]
[Result "1-0"]
[WhiteElo "2649"]
[BlackElo "2509"]
[TimeControl "180+1"]
[EndTime "11:48:04 PDT"]
[Termination "jacky72 won by resignation"]

1. d4 Nf6 2. c4 g6 3. Nc3 d5 4. Nf3 Bg7 5. h4 dxc4 6. e4 O-O 7. e5 Nd5 8. Bxc4 Nb6 9. Be2 Bg4 10. Be3 Nc6 11. Rc1 Nd5 12. Qd2 Nxe3 13. fxe3 f6 14. exf6 Bxf6 15. Ne4 Bg7 16. Nfg5 Qc8 17. Bc4+ e6 18.
d5 Ne5 19. Bb3 exd5 20. Qxd5+ Kh8 21. h5 gxh5 22. Ng3 Qd8 23. Qxd8 Raxd8 24. Rxc7 Nd3+ 25. Kd2 Nf2+ 26. Kc2 Nxh1 27. Nxh1 Rc8 28. Nf7+ Rxf7 29. Rxc8+ Bxc8 30. Bxf7 Bf5+ 31. Kb3 Be4 32. Bxh5 Bxg2 33. Ng3 Be5 34. Nf5 Bd5+ 35. Ka3 Be6 36. Nd4 Bxd4 37. exd4 Kg7 38. Bf3 b6 39. b3 Kf6 40. Kb4 Bd7 41. Kc4 Kg5 42. Kd5 h5 43. Kd6 Bg4 44.
Bg2 h4 45. d5 h3 46. Bh1 Kf4 47. Kc7 Bf3 48. Bxf3 Kxf3 49. d6 h2 50. d7 h1=Q 51. d8=Q Qh2+ 52. Kb7 Qxa2 53. Qf6+ Ke3 54. Qc3+ Ke4 55.
Qc4+ Ke3 56. Qc3+ Ke2 57. b4 Qd2 58. Qxd2+ Kxd2 59. b5 a5 60. bxa6 b5 61. a7 b4 62.
a8=Q b3 63. Qa3 Kc2 64. Qc5+ Kb1 65. Kb6 b2 66. Qc4 Ka1 67. Qa4+ Kb1 68. Kc5 Kc1 69. Qc4+ Kd1 70. Qb3+ Kc1 71. Qc3+ Kb1 72. Kb4 Ka1 73. Ka3 1-0

[Event "*** SCC Grand Prix: Titled Tuesday Blitz"]
[Site "Chess.com"]
[Date "2020.07.07"]
[Round "9"]
[White "Yoshikrov"]
[Black "HanSchut"]
[Result "0-1"]
[WhiteElo "2104"]
[BlackElo "2314"]
[TimeControl "180+1"]
[EndTime "11:48:04 PDT"]
[Termination "HanSchut won by checkmate"]

1. e4 c5 2. Nf3 d6 3. d4 cxd4 4. Nxd4 Nf6 5. Nc3 a6 6. Be3 e5 7.
Nb3 Be6 8. f3 h5 9. Qd2 Nbd7 10.
O-O-O g6 11. Kb1 b5 12. Nd5 Bxd5 13. exd5 Nb6 14. Bxb6 Qxb6 15. Qa5 Qb7 16. Qd2 Bh6 17. Qd3 O-O 18. h4 Rac8 19. Be2 Rfe8 20. g4 e4 21. fxe4 hxg4 22. Rhg1 Rxe4 23. h5 Qe7 24. Bf1 Nxh5 25. Bg2 Nf4 26. Qxe4 Qxe4 27. Bxe4 f5 28. Bd3 Nh3 29. Rge1 Kf7 30. Nd4 Bf4 31. Nxf5 gxf5 32.
Bxf5 Rd8 33. Bxg4 Nf2 34. Be6+ Kf6 35. Rd3 Nxd3 36. cxd3 Rh8 37. Rf1 Ke5 38. a3 Rh2 39. Ka2 Be3 40. Kb3 Kd4 41. Rb1 Kxd3 42. Bf7 Kd4 43. Be6 Rd2 44. Bf7 a5 45. a4 Rd3+ 46. Kc2 b4 47. b3 Rc3+ 48. Kd1 Kd3 49. Bg6+ Kd4 50. Bf7 Bf4 51. Ke1 Ke3 52. Kf1 Bg3 53. Kg1 Bf2+ 54. Kf1 Rd3 55. Kg2 Rd2 56. Kh3 Kf3 57.
Kh2 Be3+ 58. Kh1 Kg3 59. Re1 Rh2# 0-1

[Event "*** SCC Grand Prix: Titled Tuesday Blitz"]
[Site "Chess.com"]
[Date "2020.07.07"]
[Round "9"]
[White "TimKett"]
[Black "pfalcon1949"]
[Result "1-0"]
[WhiteElo "2145"]
[BlackElo "1945"]
[TimeControl "180+1"]
[EndTime "11:48:04 PDT"]
[Termination "TimKett won by checkmate"]

1. e4 e6 2. d4 d5 3. Nc3 Bb4 4. e5 c5 5. a3 Bxc3+ 6. bxc3 Qa5 7. Bd2 Qa4 8. Qg4 Kf8 9. Qd1 Ne7 10. Nf3 b6 11.
Be2 Ba6 12. O-O Bxe2 13. Qxe2 Nbc6 14. Be3 c4 15. Ng5 h6 16. Nh3 Ke8 17. Nf4 Kd7 18. Nh5 Rhg8 19. Rfb1 Kc7 20. Rb2 Raf8 21. Qd1 Nf5 22. Qe2 Kb7 23. h3 Ka8 24. Kh2 Nce7 25. Qe1 Ng6 26. Qe2 f6 27. exf6 gxf6 28. g4 Nd6 29.
Bxh6 Rf7 30. Bf4 Ne4 31. Qe3 Nxf4 32. Nxf4 Rh7 33. f3 Ng5 34. Kg3 Qc6 35. Re1 Qd6 36. h4 e5 37. hxg5 exf4+ 38. Qxf4 Qxf4+ 39. Kxf4 fxg5+ 40. Kg3 Rgh8 41. Rbb1 Rh3+ 42. Kf2 Rh2+ 43. Ke3 Rxc2 44. f4 Rxc3+ 45. Kd2 Rd3+ 46. Kc2 Rh2+ 47. Kc1 gxf4 48.
Rb2 Rxb2 49. Kxb2 Rg3 50. Re5 Rxg4 51. Rxd5 f3 52. Rf5 Rg2+ 53. Kc3 f2 54. Kxc4 Kb7 55.
Rf7+ Ka6 56. d5 b5+ 57. Kc5 Rh2 58. d6 Rh5+ 59. Kc6 Rh6 60. Rxf2 Ka5 61. Kc7 a6 62. d7 Rh7 63. Re2 Rxd7+ 64. Kxd7 Ka4 65. Re3 a5 66. Kc6 b4 67. axb4 axb4 68. Kc5 b3 69. Kc4 Ka3 70.
Rxb3+ Ka2 71. Rb8 Ka1 72. Kc3 Ka2 73. Rb7 Ka1 74. Kc2 Ka2 75. Ra7# 1-0

[Event "*** SCC Grand Prix: Titled Tuesday Blitz"]
[Site "Chess.com"]
[Date "2020.07.07"]
[Round "9"]
[White "Artyom_ChessMate"]
[Black "Tactictic"]
[Result "1-0"]
[WhiteElo "2490"]
[BlackElo "2285"]
[TimeControl "180+1"]
[EndTime "11:48:05 PDT"]
[Termination "Artyom_ChessMate won on time"]

1. e4 c5 2. Nc3 Nc6 3. Bb5 Nd4 4. Nf3 Nxb5 5. Nxb5 e6 6. d4 a6 7. Nc3 cxd4 8.
Qxd4 d6 9. Be3 Nf6 10. O-O-O Be7 11. e5 dxe5 12. Qxe5 Bd7 13. Bg5 O-O 14. Kb1 Qb6 15. Qg3 Bc6 16. Ne5 Nh5 17. Qg4 Bxg5 18. Qxg5 Nf6 19.
h4 Qxf2 20. Nxc6 bxc6 21. Rhf1 h6 22. Rxf2 hxg5 23. hxg5 Nd5 24. Ne4 Rfd8 25. Rh1 Ne3 26. Kc1 Rd4 27. Nc3 Rad8 28. Re2 Nf5 29. Rhe1 Rg4 30.
Ne4 Ng3 31. Nxg3 Rxg3 32. b3 Rxg5 33. Rf1 Rdd5 34. Rf4 Rgf5 35. Ra4 a5 36. Rc4 Rc5 37. Rd4 Rfd5 38. Rh4 e5 39. Kb2 f6 40. a4 Rd1 41. g4 Rcd5 42. Reh2 Kf7 43. Rh8 R5d2 44. Rxd2 Rxd2 45. Rc8 Rd6 46. Ra8 Rd5 47. Ra6 Rc5 48.
c3 Kg6 49. b4 axb4 50. cxb4 Rc4 51. Kb3 Rxg4 52. Rxc6 e4 53. a5 e3 54. Rc2 f5 55. a6 Rh4 56. a7 Rh8 57. b5 f4 58.
b6 f3 59. b7 e2 60. b8=Q e1=Q 61. Qd6+ Kg5 62. Rc5+ Kg4 63. Qg6+ Kh3 64. Qf5+ Kg2 65. Qg4+ Kf2 66. Rc2+ Ke3 67. Qe6+ Kd3 68. Qxe1 1-0

[Event "*** SCC Grand Prix: Titled Tuesday Blitz"]
[Site "Chess.com"]
[Date "2020.07.07"]
[Round "9"]
[White "novocane"]
[Black "Artem_Koval"]
[Result "0-1"]
[WhiteElo "2261"]
[BlackElo "2427"]
[TimeControl "180+1"]
[EndTime "11:48:07 PDT"]
[Termination "Artem_Koval won on time"]

1. d4 d5 2. c4 e5 3. dxe5 d4 4. a3 Nc6 5. e3 Nge7 6. f4 Bf5 7.
Nf3 d3 8. Nbd2 h6 9. e4 Bh7 10. Qb3 g5 11. g3 g4 12. Nh4 Nd4 13. Qxd3 Nec6 14. b4 Bxb4 15. axb4 Nxb4 16. Qc3 Ndc2+ 17. Kf2 Nxa1 18. Qxa1 Nd3+ 19. Bxd3 Qxd3 20. Qa4+ c6 21. Qb3 Bxe4 22. Qxd3 Bxd3 23. Ke3 Bc2 24. Ne4 Bxe4 25.
Kxe4 O-O-O 26. Nf5 Kc7 27. Ba3 Rd2 28. Bd6+ Kd7 29. Ne3 a5 30. Nxg4 Ra8 31. Nf6+ Kd8 32. Ra1 a4 33. f5 b5 34. c5 b4 35. e6 fxe6 36. fxe6 Re2+ 37. Kf5 b3 38. e7+ Rxe7 39. Bxe7+ Kxe7 40. Re1+ Kf7 41. Rd1 Ra7 42. Ne4 a3 43. Nc3 a2 44. Nxa2 bxa2 45. Ra1 Ra5 46. Kf4 Ke6 47.
g4 Kd5 48. h4 Kxc5 49. g5 hxg5+ 50. hxg5 Kb4 51. g6 Kb3 52. g7 Ra8 53. Rh1 Rg8 54. Rh3+ Kb4 55. Rh1 Rxg7 56. Ra1 Kb3 57. Ke3 Kb2 0-1